Map: Shrines of Lizul

Players

Revenger - Winner!

  • Race: Protoss Protoss
  • League: Diamond
  • Spawn Location: 3:00

PureLegacy - Winner!

  • Race: Terran Terran
  • Spawn Location: 12:00

Viittajeesus

  • Race: Terran Terran
  • Spawn Location: 9:00

Stroumph

  • Race: Zerg Zerg
  • Spawn Location: 6:00

VOD

Have the link to the VOD?

Description

Time

  • Played on: Dec. 3, 2018, 11 a.m.
  • Length: 3:12
Show
View Real Time Build Order
Export as new Build Order

Revenger Protoss - Winner!

Build Orders:  

Get SALT Encoding   

  12  0:01  Probe  
  13  0:13  Probe  
  14  0:19  Pylon  
  14  0:25  Probe  
  15  0:34  Probe  
  15  0:42  Probe  
  16  0:47  Gateway  
  17  0:52  Probe  
  17  0:54  Assimilator  
  18  1:03  Probe  
  18  1:11  Probe  
  19  1:15  Gateway  
  20  1:20  Probe  
  21  1:27  Pylon  
  21  1:32  Assimilator  
  21  1:46  Cybernetics Core  
  21  2:06  Pylon  
  21  2:23  Adept x2  
  25  2:38  Pylon  
  25  2:53  Gateway  
  25  3:09  Twilight Council  
Show
View Real Time Build Order
Export as new Build Order

PureLegacy Terran - Winner!

Build Orders:  

Get SALT Encoding   

  12  0:02  SCV  
  13  0:14  SCV  
  13  0:20  Supply Depot  
  14  0:26  SCV  
  15  0:30  Refinery  
  15  0:42  SCV  
  16  0:47  Barracks  
  16  0:54  SCV  
  17  1:03  Barracks  
  17  1:16  Barracks  
  17  1:21  SCV  
  18  1:34  Reaper  
  18  1:39  Orbital Command  
  19  1:47  Refinery  
  19  1:51  Reaper  
  20  1:59  Supply Depot  
  20  2:07  Reaper  
  22  2:08  Reaper  
  22  2:15  SCV  
  23  2:21  Supply Depot  
  23  2:30  Reaper  
  23  2:35  SCV  
  25  2:39  Reaper  
  28  2:51  SCV  
Show
View Real Time Build Order
Export as new Build Order

Viittajeesus Terran 

Build Orders:  

Get SALT Encoding   

  12  0:00  SCV  
  13  0:13  SCV  
  14  0:19  Supply Depot  
  14  0:25  SCV  
  15  0:33  Refinery  
  15  0:40  SCV  
  16  0:46  Barracks  
  16  0:53  SCV  
  17  1:05  SCV  
  17  1:06  Supply Depot  
  18  1:17  SCV  
  18  1:18  Refinery  
  19  1:29  SCV  
  20  1:33  Barracks Reactor  
  20  1:41  Orbital Command  
  20  1:56  Factory  
  20  2:06  SCV  
  21  2:09  Barracks, Marine  
  21  2:13  Marine  
  23  2:18  SCV  
  22  2:38  Marine  
  22  2:42  Hellion  
  22  2:43  Marine  
Show
View Real Time Build Order
Export as new Build Order

Stroumph Zerg 

Build Orders: Hatch First 

Get SALT Encoding   

  12  0:06  Drone  
  13  0:14  Drone  
  14  0:18  Overlord  
  14  0:36  Drone x2  
  14  0:39  Drone  
  17  1:00  Drone, Hatchery, Extractor  
  17  1:04  Drone  
  17  1:19  Spawning Pool  
  17  1:25  Drone x2  
  18  1:35  Drone  
  19  1:43  Overlord  
  19  2:11  Queen, Zergling x2  
  19  2:12  Queen  
  19  2:13  Zergling x2  
  25  2:18  Drone x2  
  27  2:35  Drone x3  
  30  2:40  Zergling x2  
  31  2:44  Zergling x2  
Tags
 
Add a new tag
Caveats
  • Supply blocks, unpowered buildings, or Contaminate may cause inaccurate times.
  • Supply counts are checked every 10 seconds.